 Seeded DCSS version 0.29-a0-1047-g7c58e119a4 (webtiles) character file.

Game seed: 7296620447873847827 (custom seed)

51 voltaire321 the Digger (level 3, -5/22 HPs)
             Began as an Octopode Earth Elementalist on Aug 16, 2022.
             Slain by a worm (11 damage)
             ... on level 2 of the Dungeon.
             The game lasted 00:03:24 (1097 turns).

voltaire321 the Digger (OpEE)                       Turns: 1097, Time: 00:03:25

Health: -5/22      AC:  1    Str:  7    XL:     3   Next: 83%
Magic:  6/6        EV: 13    Int: 19    God:
Gold:   77         SH:  5    Dex: 12    Spells: 5/6 levels left

rFire   . . .      SeeInvis .   c - +0 short sword
rCold   . . .      Faith    .   d - +2 buckler
rNeg    . . .      Spirit   .   (helmet restricted)
rPois   .          Reflect  .   (no amulet)
rElec   .          Harm     .   (no ring)
rCorr   .          Rampage  .   (no ring)
Will    .....                   (no ring)
Stlth   +++.......              (no ring)
HPRegen 0.07/turn               (no ring)
MPRegen 0.10/turn               (no ring)
                                (no ring)
                                (no ring)

@: no status effects
A: almost no armour, amphibious, 8 rings, camouflage 1, gelatinous body 1,
(nimble swimmer 1), tentacles
a: no special abilities


You were on level 2 of the Dungeon.
You visited 1 branch of the dungeon, and saw 2 of its levels.

You collected 77 gold pieces.

Inventory:

Hand Weapons
 c - a +0 short sword (weapon)
Armour
 d - a +2 buckler (worn)
Scrolls
 e - a scroll of immolation {unknown}
 f - 2 scrolls of identify {unknown}
 i - a scroll of poison {unknown}
 j - a scroll of teleportation {unknown}
Potions
 a - a potion of magic
 b - 2 potions of lignification {unknown}
 g - a potion of haste {unknown}
 h - a potion of curing {unknown}
 k - a potion of heal wounds {unknown}


   Skills:
 + Level 0.9 Fighting
 + Level 2.4 Dodging
 - Level 2.6 Stealth
 + Level 1.2 Shields
 + Level 2.4 Spellcasting
 + Level 1.4 Transmutations
 + Level 3.3 Earth Magic


You had 5 spell levels left.
You knew the following spells:

 Your Spells              Type           Power      Damage    Failure   Level
a - Sandblast             Erth           28%        2d8       5%          1

Your spell library contained the following spells:

 Spells                   Type           Power      Damage    Failure   Level
 Passwall                 Tmut/Erth      9%         N/A       12%         2
 Freeze                   Ice            8%         1d3       22%         1
 Magic Dart               Conj           8%         1d3       22%         1
 Call Imp                 Summ           2%         N/A       32%         2
 Stone Arrow              Conj/Erth      16%        3d8       32%         3
 Frozen Ramparts          Ice            4%         1d1       54%         3
 Mephitic Cloud           Conj/Pois/Air  2%         N/A       54%         3
 Petrify                  Tmut/Erth      11%        N/A       61%         4
 Hailstorm                Conj/Ice       2%         3d3       91%         4
 Lehudib's Crystal Spear  Conj/Erth      4%         10d3      100%        8
 Animate Armour           Summ/Erth      Unusable   N/A       N/A         4

Dungeon Overview and Level Annotations

Branches:
Dungeon (2/15)

Altars:


Innate Abilities, Weirdness & Mutations

You cannot wear most types of armour.
You are amphibious.
You can wear up to eight rings at the same time.
Your skin changes colour to match your surroundings (Stealth+).
Your rubbery body absorbs attacks. (AC +1, EV +1)
((You are camouflaged when in or above water. (Stealth+)))
You have tentacles for arms and can constrict up to eight enemies at once.


Message History

Casting: Sandblast (safe; 5% risk of failure)
Confirm with . or Enter, or press ? or * to list all spells.
Aiming: Sandblast (safe; 5% risk of failure)
Press: ? - help, Shift-Dir - straight line, f - adder
Aim: an adder (70% to hit)
The blast of sand hits the adder!
You kill the adder! 2 endoplasms come into view.
Found a transparent robe.
Found a chain mail.
Found a stone staircase leading down.
The endoplasm quivers.
Casting: Sandblast (safe; 5% risk of failure)
Confirm with . or Enter, or press ? or * to list all spells.
Aiming: Sandblast (safe; 5% risk of failure)
Press: ? - help, Shift-Dir - straight line, f - endoplasm
Aim: an endoplasm (98% to hit)
The blast of sand hits the endoplasm!
You kill the endoplasm!
You see here the +0 robe of the End {rElec rC+ Regen+ Int+3}.
The worm barely misses you. The worm barely misses you. The worm misses you.
The endoplasm quivers.
The worm closely misses you. The worm misses you.
The endoplasm barely misses you. The worm bites you!
The endoplasm jiggles.
The endoplasm hits you but does no damage.
The endoplasm hits you. The worm closely misses you. The endoplasm freezes you.
You are frozen.
The endoplasm freezes you.
You are frozen.
* * * LOW HITPOINT WARNING * * *
The worm barely misses you.
The endoplasm hits you but does no damage.
The worm bites you!
Ouch! That really hurt!
You die...

#...# #.# ..##........#
###.## #.# .#...###.##...
#..# #(# .# .#.## ##.###
[ ##.###.# #.###...#
#....# #.....#...#....#
##....# #.......###...#
#..[..#
#.....#......######.....#
#.......###J#.......#####
#.....#..w@...#######
#.......###.###
#.......## #.# #.####..#
..# #. #.## ..## ..# #..
###


You could see a worm and an endoplasm.

Vanquished Creatures
  An adder (D:2)
  A worm (D:2)
  2 ball pythons (D:1)
  3 bats (D:1)
  5 endoplasms
  3 giant cockroaches
  3 goblins
  4 hobgoblins
  4 jackals (D:1)
  A quokka (D:1)
  2 frilled lizards (D:1)
  3 kobolds (D:1)
  3 rats (D:1)
35 creatures vanquished.

Vanquished Creatures (others)
  A fungus (D:1)
1 creature vanquished.

Grand Total: 36 creatures vanquished

Notes
Turn   | Place    | Note
-------+----------+-------------------------------------------
     0 | D:1      | voltaire321 the Octopode Earth Elementalist began the quest
                  | for the Orb.
     0 | D:1      | Reached XP level 1. HP: 11/11 MP: 3/3
   152 | D:1      | Reached XP level 2. HP: 14/17 MP: 0/5
   199 | D:1      | Found a faded altar of an unknown god.
   583 | D:1      | Reached skill level 1 in Shields
   583 | D:1      | Reached XP level 3. HP: 19/22 MP: 3/6
  1073 | D:2      | Identified the +0 robe of the End {rElec rC+ Regen+ Int+3}
  1097 | D:2      | Slain by a worm

Illustrated notes

Levels and vault maps discovered:
D:1:      lemuel_arrival_tunnels, layout_rooms, dreamdust_ecumenical_altar_grove
D:2:      layout_rooms

Skill      XL: |  1  2 |
---------------+-------+-----
Shields        | 1 |  1.2
Fighting       | |  0.9
Dodging        | |  2.4
Stealth        | |  2.6
Spellcasting   | |  2.4
Transmutations | |  1.4
Earth Magic    | |  3.3

Action                   || total
-------------------------++-------
Melee: Short sword       ||    16
       Tentacles         ||     5
       Constrict         ||     4
 Cast: Sandblast         ||    37
 Stab: Sleeping          ||     1
Armor: Skin              ||     4
Dodge: Dodged            ||    23
Block: Buckler           ||     1

Table legend: (Time is in decaauts)
 A = Elapsed time spent in this place.
 B = Non-inter-level travel time spent in this place.
 C = Inter-level travel time spent in this place.
 D = Time resting spent in this place.
 E = Time spent auto-exploring this place.
 F = Levels seen in this place.
 G = Mean time per level.
                   A        B        C        D        E       F      G
               +--------+--------+--------+--------+--------+-----+--------+
         Total |   1116 |   1103 |     13 |    469 |    357 |   2 |  558.0 |
       Dungeon |   1116 |   1103 |     13 |    469 |    357 |   2 |  558.0 |
               +--------+--------+--------+--------+--------+-----+--------+

Top non-repeatable levels by time:
     D:1: 902 daAuts
     D:2: 214 daAuts
